 Dungeon Crawl Stone Soup version 0.29-a0-520-gc852659d43 (webtiles) character file.

Game seed: 12006008426889973932

418 oldriver the Twirler (level 6, -1/54 HPs)
             Began as a Palentonga Wanderer on June 1, 2022.
             Slain by an orc
             ... wielding a +0 war axe
              (3 damage)
             ... on level 4 of the Dungeon.
             The game lasted 00:06:00 (3780 turns).

oldriver the Twirler (Palentonga Wanderer)          Turns: 3780, Time: 00:06:01

Health: -1/54      AC:  7    Str: 15    XL:     6   Next: 61%
Magic:  6/6        EV:  9    Int:  9    God:
Gold:   189        SH:  0    Dex: 15    Spells: 5/5 levels left

rFire   . . .      SeeInvis +   a - +3 quarterstaff (chaos)
rCold   . . .      Faith    .   (shield currently unavailable)
rNeg    . . .      Spirit   .   f - +0 leather armour
rPois   .          Reflect  .   k - +1 helmet
rElec   .          Harm     .   n - +0 cloak
rCorr   .          Rampage  .   (no gloves)
Will    .....                   (no barding)
Stlth   +.........              (no amulet)
HPRegen 0.18/turn               (no ring)
MPRegen 0.10/turn               (no ring)

@: confused, lethally poisoned (-1 -> -6)
A: large, rugged brown scales 3, see invisible, deformed body, roll 1, armoured
tail
a: Rolling Charge


You were on level 4 of the Dungeon.
You visited 1 branch of the dungeon, and saw 4 of its levels.

You collected 189 gold pieces.

Inventory:

Hand Weapons
 a - a +3 quarterstaff of chaos (weapon)
 b - a +0 hand crossbow
 i - a +1 vorpal spear
Missiles
 c - 23 poisoned darts
Armour
 f - a +0 leather armour (worn)
 k - a +1 helmet (worn)
 n - a +0 cloak (worn)
Wands
 h - a wand of iceblast (6)
Scrolls
 g - a scroll of identify
 j - a scroll of amnesia
 o - a scroll of blinking {unknown}
Potions
 d - a potion of curing
 e - 2 potions of heal wounds
 l - a potion of flight
 m - a potion of might


   Skills:
 * Level 5.0 Fighting
 - Level 0.5(3.1) Polearms
 + Level 5.4(5.5) Staves
 - Level 2.4 Crossbows
 - Level 1.0 Throwing
 - Level 1.0 Dodging
 - Level 1.0 Invocations


You had 5 spell levels left.
You didn't know any spells.
Your spell library was empty.

Dungeon Overview and Level Annotations

Branches:
Dungeon (4/15)
 Temple: D:4-7

Altars:
Dithmenos


Innate Abilities, Weirdness & Mutations

You are completely covered in rugged brown scales. (AC +3, +7% HP)
You have supernaturally acute eyesight. (SInv)
Armour fits poorly on your strangely shaped body.
You can roll at nearby foes to attack.
You have a long armoured tail.


Message History

The orc wizard barely misses you. The kobold barely misses you.
You hit the orc wizard but do no damage.
You feel sick. The iguana bites you! The orc closely misses you.
The orc wizard closely misses you. The kobold hits you but does no damage.
Unknown command.
You hit the orc wizard. You drain the orc wizard.
The orc wizard is moderately wounded.
You feel sick. The iguana barely misses you. The orc barely misses you.
The orc wizard gestures at you while chanting.
You are confused.
The kobold hits you but does no damage.
You sock the iguana!
The iguana is poisoned.
Your tail-slap misses the iguana.
The iguana is severely wounded.
You feel sick. The iguana completely misses you.
The orc hits you with a +0 flail. The orc wizard casts a spell at you.
The puff of flame hits you. The kobold hits you but does no damage.
An orc comes into view. It is wielding a +0 mace.
The orc shouts!
You sock the orc!
The orc seems to slow down.
The orc is almost dead.
You feel sick.
You are no longer poisoned.
The iguana bites you. The orc wizard barely misses you.
The kobold hits you with a +0 dagger.
You closely miss the kobold.
Your tail-slap misses the kobold.
The iguana bites you!
* * * LOW HITPOINT WARNING * * *
The orc wizard hits you with a +2 dagger of venom.
* * * LOW HITPOINT WARNING * * *
You are poisoned.
The kobold closely misses you.
You hit the orc wizard.
The orc wizard's magic leaks into the air.
The orc wizard is moderately wounded.
* * * LOW HITPOINT WARNING * * *
You feel sick. The iguana bites you.
* * * LOW HITPOINT WARNING * * *
The orc hits you with a +0 war axe.
You die...

..........####.#.##..
.............##......#..
..............'......#..
.............##......#..
.............######.##..
...........)........##..
..............########..
..o...l.......# ###
......o@K.....#
......oo.....[#
.............##
.............#
..######.#(### . #.#..
#.#..) #.#.... ......


You could see an iguana (very poisoned), an orc wizard (very drained, magic
disrupted), 3 orcs and a kobold.

Vanquished Creatures
  Sigmund (D:2)
  A scorpion (D:4)
  Crazy Yiuf (D:2)
  2 orc wizards (D:4)
  Robin (D:2)
  2 adders
  2 dart slugs (D:3)
  6 orcs
  5 endoplasms (D:1)
  A giant cockroach (D:1)
  22 goblins
  10 hobgoblins
  2 jackals (D:1)
  6 quokkas
  8 ball pythons
  5 bats
  2 frilled lizards
  7 kobolds
  4 rats
88 creatures vanquished.

Notes
Turn   | Place    | Note
-------+----------+-------------------------------------------
     0 | D:1      | oldriver the Palentonga Wanderer began the quest for the
                  | Orb.
     0 | D:1      | oldriver set off with the following items: a +2
                  | quarterstaff, a +0 hand crossbow, 13 poisoned darts, a +0
                  | dagger, a potion of heal wounds, a +0 leather armour
     0 | D:1      | Reached XP level 1. HP: 16/16 MP: 1/1
    99 | D:1      | Reached XP level 2. HP: 22/22 MP: 2/2
   386 | D:1      | Found a faded altar of an unknown god.
   422 | D:1      | Reached XP level 3. HP: 25/28 MP: 3/3
   708 | D:1      | You fall into a shaft and drop 1 floor!
   886 | D:2      | Noticed Sigmund
  1555 | D:2      | Reached XP level 4. HP: 17/36 MP: 4/4
  1555 | D:2      | Noticed Robin
  1723 | D:2      | Killed Robin
  2069 | D:2      | Killed Sigmund
  2070 | D:2      | Reached skill level 5 in Staves
  2070 | D:2      | Reached XP level 5. HP: 30/44 MP: 5/5
  2413 | D:2      | Found a runed translucent door.
  2414 | D:2      | Noticed Crazy Yiuf
  2710 | D:2      | Killed Crazy Yiuf
  2711 | D:2      | Reached XP level 6. HP: 32/52 MP: 6/6
  3436 | D:3      | Found a shadowy altar of Dithmenos.
  3774 | D:4      | Reached skill level 5 in Fighting
  3780 | D:4      | HP: 2/54 [iguana (5)]
  3780 | D:4      | Slain by an orc

Illustrated notes

Levels and vault maps discovered:
D:1:      lightli_arrival_farm, layout_loops_ring,
          shapermc_ecumenical_altar_notcrosses
D:2:      layout_rooms, minmay_tiny_reverse_x, uniq_sigmund,
          uniq_crazy_yiuf_cottage, uniq_robin
D:3:      layout_rooms, nicolae_dithmenos_through_a_glass_darkly
D:4:      layout_basic

Skill      XL: |  1  2  3  4  5  6 |
---------------+-------------------+-----
Fighting       | 2 4 5 |  5.0
Staves         | 4 5 |  5.4
Polearms       | |  0.5
Crossbows      | |  2.4
Throwing       | |  1.0
Dodging        | |  1.0
Invocations    | |  1.0

Action                   |  1- 3 |  4- 6 || total
-------------------------+-------+-------++-------
Melee: Quarterstaff      |    50 |    65 ||   115
       Tailslap          |     7 |     7 ||    14
 Fire: Hand crossbow     |    60 |    32 ||    92
Throw: Dart              |     1 |     3 ||     4
 Abil: Rolling Charge    |       |    10 ||    10
  Use: Potion            |     1 |       ||     1
       Scroll            |       |     8 ||     8
 Stab: Sleeping          |     1 |       ||     1
Armor: Leather armour    |    34 |    30 ||    64
Dodge: Dodged            |    45 |    35 ||    80

Table legend: (Time is in decaauts)
 A = Elapsed time spent in this place.
 B = Non-inter-level travel time spent in this place.
 C = Inter-level travel time spent in this place.
 D = Time resting spent in this place.
 E = Time spent auto-exploring this place.
 F = Levels seen in this place.
 G = Mean time per level.
                   A        B        C        D        E       F      G
               +--------+--------+--------+--------+--------+-----+--------+
         Total |   3835 |   3698 |    137 |   1581 |   1519 |   4 |  958.8 |
       Dungeon |   3835 |   3698 |    137 |   1581 |   1519 |   4 |  958.8 |
               +--------+--------+--------+--------+--------+-----+--------+

Top non-repeatable levels by time:
     D:1: 1983 daAuts
     D:2: 1059 daAuts
     D:3: 532 daAuts
     D:4: 259 daAuts
